 Dungeon Crawl Stone Soup version 0.30-a0-639-g3916f1956a (webtiles) character file.

Game seed: 3936473943074046894

23 Sabo the Firebug (level 2, 0/19 HPs)
             Began as a Demonspawn Fire Elementalist on Jan 15, 2023.
             Slain by a goblin
             ... wielding a +0 dagger
              (4 damage)
             ... on level 1 of the Dungeon.
             The game lasted 00:03:21 (793 turns).

Sabo the Firebug (Demonspawn Fire Elementalist)      Turns: 793, Time: 00:03:21

Health: 0/19       AC:  2    Str:  8    XL:     2   Next: 72%
Magic:  3/5        EV: 12    Int: 16    God:
Gold:   2          SH:  0    Dex: 13    Spells: 4/5 levels left

rFire   + . .      SeeInvis .    d - +0 mace
rCold   x . .      Faith    .    (no shield)
rNeg    . . .      Spirit   .    a - +0 robe
rPois   .          Reflect  .    (no helmet)
rElec   .          Harm     .    (no cloak)
rCorr   .          Rampage  .    (no gloves)
Will    .....                    (no boots)
Stlth   ++                       (no amulet)
HPRegen 0.23/turn                g - ring of fire
MPRegen 0.09/turn                (no ring)

@: no status effects
A: powered by death 1
a: no special abilities


You were on level 1 of the Dungeon.
You visited 1 branch of the dungeon, and saw 1 of its levels.

You collected 2 gold pieces.

Inventory:

Hand Weapons
 d - a +0 mace (weapon)
 h - a +0 sling
Armour
 a - a +0 robe (worn)
Jewellery
 g - a ring of fire (left hand)
Scrolls
 c - 3 scrolls of teleportation {unknown}
Potions
 b - a potion of magic
 e - a potion of curing {unknown}
 f - 2 potions of attraction {unknown}


   Skills:
 + Level 0.5 Maces & Flails
 + Level 2.0 Dodging
 + Level 2.0 Stealth
 + Level 2.3 Spellcasting
 + Level 1.0 Conjurations
 + Level 3.0 Fire Magic


You had 4 spell levels left.
You knew the following spells:

 Your Spells              Type           Power      Damage    Failure   Level
a - Foxfire               Conj/Fire      48%        2x1d6     9%          1

Your spell library contained the following spells:

 Spells                   Type           Power      Damage    Failure   Level
 Scorch                   Fire           34%        2d6       9%          2
 Inner Flame              Hex/Fire       10%        N/A       32%         3
 Kindle Blastsparks       Fire/Tloc/Air  14%        2d11      36%         3
 Flame Wave               Conj/Fire      12%        2d6       65%         4


Dungeon Overview and Level Annotations

Branches:
Dungeon (1/15)

Altars:


Innate Abilities, Weirdness & Mutations

You regenerate a little health from kills.


Message History

The foxfire hits the jackal.
The jackal is heavily wounded.
The jackal bites you.
The jackal bites you but does no damage.
You miss the jackal.
The jackal is moderately wounded.
The jackal closely misses you.
The jackal bites you but does no damage.
Casting: Foxfire (safe; 9% risk of failure)
Confirm with . or Enter, or press ? or * to list all spells.
You feel a surge of power!
You conjure some foxfire!
The jackal barks!
The jackal bites you. The goblin hits you but does no damage.
The foxfire hits the jackal.
The jackal is severely wounded.
You barely miss the jackal.
The jackal is severely wounded.
The foxfire hits the jackal.
The jackal is severely wounded.
The jackal bites you. The goblin hits you with a +0 dagger.
The jackal barely misses you. The goblin hits you with a +0 dagger.
The jackal bites you but does no damage.
Your magical contamination has completely faded away.
You barely miss the jackal.
The jackal is heavily wounded.
The jackal bites you.
The jackal bites you but does no damage.
The jackal closely misses you. The goblin barely misses you.
The jackal closely misses you.
You closely miss the jackal.
The jackal is heavily wounded.
The jackal bites you. The goblin hits you but does no damage.
The jackal misses you. The jackal bites you.
The goblin hits you with a +0 dagger.
You hit the jackal.
You kill the jackal!
The jackal closely misses you. The jackal bites you.
* * * LOW HITPOINT WARNING * * *
The goblin hits you with a +0 dagger.
You die...

.####.##.## #
......##..##.####
†#######.........
.#######..##.#######
.........###.###...
#
........>.........#
h#
.##.##..####.###..#
.. ........###
#.g#.#.#.#
.##........
#@h.......
....#######
#.##.#.#.# ###.# #.#
... #.# #.# ###
###.##### #.#
..).....# #.#
###.###.# #.# #.#
#.# #.# #.# #.#
####.####


You could see a jackal and a goblin.

Vanquished Creatures
  2 giant cockroaches (D:1)
  2 goblins (D:1)
  2 hobgoblins (D:1)
  9 jackals (D:1)
  A ball python (D:1)
  A bat (D:1)
  2 frilled lizards (D:1)
  A rat (D:1)
20 creatures vanquished.

Vanquished Creatures (others)
  28 foxfires (D:1)
28 creatures vanquished.

Grand Total: 48 creatures vanquished

Notes
Turn   | Place    | Note
-------+----------+-------------------------------------------
     0 | D:1      | Sabo the Demonspawn Fire Elementalist began the quest for
                  | the Orb.
     0 | D:1      | Reached XP level 1. HP: 13/13 MP: 3/3
   294 | D:1      | Gained mutation: You regenerate a little health from kills.
                  | [demonic ancestry]
   294 | D:1      | Reached XP level 2. HP: 15/19 MP: 1/5
   608 | D:1      | Reached skill level 3 in Fire Magic
   793 | D:1      | Slain by a goblin

Illustrated notes

Levels and vault maps discovered:
D:1:      shiori_arrival_maze, layout_loops_ring, roderic_nine_men_s_morris

Skill      XL: |  1  2 |
---------------+-------+-----
Fire Magic     | 3 |  3.0
Dodging        | 2 |  2.0
Stealth        | 2 |  2.0
Maces & Flails | |  0.5
Spellcasting   | |  2.3
Conjurations   | |  1.0

Action                   || total
-------------------------++-------
Melee: Mace              ||    45
       Unarmed           ||     2
 Cast: Foxfire           ||    18
 Stab: Sleeping          ||     1
Armor: Robe              ||    15
Dodge: Dodged            ||    69

Table legend: (Time is in decaauts)
 A = Elapsed time spent in this place.
 B = Non-inter-level travel time spent in this place.
 C = Inter-level travel time spent in this place.
 D = Time resting spent in this place.
 E = Time spent auto-exploring this place.
 F = Levels seen in this place.
 G = Mean time per level.
                   A        B        C        D        E       F      G
               +--------+--------+--------+--------+--------+-----+--------+
         Total |    809 |    809 |      0 |    320 |      0 |   1 |  809.0 |
       Dungeon |    809 |    809 |      0 |    320 |      0 |   1 |  809.0 |
               +--------+--------+--------+--------+--------+-----+--------+

Top non-repeatable levels by time:
     D:1: 809 daAuts
